AoeStats
← Deathhorse

Arabia

508552810Analyzed
2v2 RM · 10d ago on Sep 23, 2026· 36m 36s· 4 players
Game mode
Random Map
Map size
Medium (4 player)
Population
200
Speed
Normal
Resources
Standard
Victory
Conquest
Starting age
Dark Age
Ending age
Imperial Age
RankedLock teamsTeams togetherTeam positionsShared explorationLock speedFull tech treeHidden civsTurbo modeCheats
Victory
Defeat
🇨🇴 Italians · Colombia
918
+14
🇨🇴 Khmer · Colombia
869
+16
🇺🇸 Franks · United States
865
-15
🇲🇽 Saxons · Mexico
863
-15
Oldgold Deacs
3:44 Loom
9:53 Feudal Age
19:02 Castle Age
17:44 Arson
20:10 Fletching
20:25 Squires
23:55 Wheelbarrow
23:10 Pikeman
24:50 Husbandry
24:11 Light Cavalry
25:16 Crossbowman
29:10 Gold Mining
[TFTO]Shill Heck
6:28 Loom
10:38 Feudal Age
17:14 Double-Bit Axe
24:54 Castle Age
27:44 Town Watch
29:40 Horse Collar
Deathhorse
12:10 Feudal Age
13:26 Wheelbarrow
12:45 Gold Mining
12:43 Double-Bit Axe
13:46 Horse Collar
16:26 Bloodlines
17:11 Scale Barding Armor
24:58 Castle Age
23:33 Padded Archer Armor
26:08 Hand Cart
26:07 Bow Saw
26:55 Gold Shaft Mining
25:44 Light Cavalry
28:40 Heavy Plow
31:05 Chain Barding Armor
31:14 Husbandry
39:18 Imperial Age
37:04 Stone Mining
HAN SOLO
9:51 Feudal Age
9:40 Loom
10:26 Man-at-Arms
16:07 Double-Bit Axe
22:03 Castle Age
20:47 Gold Mining
20:43 Horse Collar
22:17 Crossbowman
23:03 Thumb Ring
22:59 Fletching
25:03 Bodkin Arrow
25:09 Padded Archer Armor
26:00 Bow Saw
25:52 Stone Mining
29:23 Wheelbarrow
30:23 Bloodlines
30:35 Scale Barding Armor
32:36 Hand Cart
37:58 Imperial Age
36:06 Forging
36:17 Chain Barding Armor
Connection lost

Rejoining the realm…

Still unreachable

The connection could not be restored.

Session expired

The server has moved on; the page needs a fresh start.